 Dungeon Crawl Stone Soup version 0.19.0-24-gb05acd6 (webtiles) character file.

243 Monsterracer the Digger (level 5, -1/42 HPs)
             Began as a Deep Dwarf Earth Elementalist on Nov 20, 2016.
             Killed from afar by an orc wizard (8 damage)
             ... with a magic dart
             ... on level 6 of the Dungeon.
             The game lasted 00:16:57 (3808 turns).

Monsterracer the Digger (DDEE)                      Turns: 3808, Time: 00:16:58

Health: -1/42      AC:  3    Str: 12    XL:     5   Next: 82%
Magic:  1/9        EV: 12    Int: 16    God:
Gold:   149        SH:  0    Dex: 13    Spells: 2 memorised, 6 levels left

rFire  . . .     SeeInvis .     b - 95 stones
rCold  . . .     Gourm    .     c - +0 robe
rNeg   . . .     Faith    .     (no shield)
rPois  .         Spirit   .     (no helmet)
rElec  .         Reflect  .     (no cloak)
rCorr  .         Harm     .     (no gloves)
MR     .....                    v - +0 pair of boots
Stlth  ++........               (no amulet)
                                (no ring)
                                (no ring)

@: non-regenerating
A: damage resistance, recharge devices, sense surroundings 1, slow regeneration
3
a: Device Recharging


You were on level 6 of the Dungeon.
You were near starving.

You visited 1 branch of the dungeon, and saw 5 of its levels.

You collected 149 gold pieces.

Inventory:

Missiles
 b - 95 stones (in hand)
Armour
 c - a +0 robe (worn)
 v - a +0 pair of boots (worn)
Wands
 d - a wand of heal wounds (3/9)
Scrolls
 j - 2 scrolls of teleportation {unknown}
 k - 4 scrolls of remove curse {unknown}
 n - 2 scrolls of random uselessness {unknown}
 r - 2 scrolls of amnesia {unknown}
 s - a scroll of recharging {unknown}
 u - a scroll of identify {unknown}
 w - 2 scrolls of magic mapping {unknown}
 x - a scroll of noise {unknown}
Potions
 a - 2 potions of might {unknown}
 g - a potion of cure mutation {unknown}
 h - 3 potions of heal wounds {unknown}
 l - a potion of mutation {unknown}
 o - 2 potions of curing {unknown}
 p - a potion of degeneration {unknown}
 q - a potion of haste {unknown}
Books
 e - a book of Geomancy

   Spells                             Type                      Level
   a - Sandblast                      Earth                        1
   b - Passwall                       Transmutation/Earth          2
   c - Stone Arrow                    Conjuration/Earth            3
   d - Petrify                        Transmutation/Earth          4
   e - Lee's Rapid Deconstruction     Earth                        5
Comestibles
 f - 2 bread rations
 i - 2 meat rations
 m - a royal jelly
 t - a beef jerky


   Skills:
 - Level 2.1 Dodging
 - Level 2.4 Stealth
 + Level 3.2 Spellcasting
 - Level 1.0 Conjurations
   Level 0.8 Transmutations
 * Level 7.2 Earth Magic


You had 6 spell levels left.
You knew the following spells:

 Your Spells              Type           Power        Failure   Level  Hunger
a - Sandblast             Erth           ####..       1%          1    None
b - Stone Arrow           Conj/Erth      ###...       12%         3    ###....


Dungeon Overview and Level Annotations

Branches:
Dungeon (4/15)
 Temple: D:4-7

Altars:
Ashenzari
Cheibriados
Dithmenos
Elyvilon
Nemelex Xobeh


Innate Abilities, Weirdness & Mutations

You are resistant to damage.
You can recharge devices by infusing magical energy.
You passively map a small area around you.
You do not regenerate.


Message History

Aiming: Sandblast
Press: ? - help, Shift-Dir - straight line The rocky blast hits something.
Something hits you but does no damage.
You barely miss something.
You hear some strange, mumbled words.
A puff of flame appears from out of thin air!
The puff of flame misses you. Something hits you.
You clumsily bash something but do no damage.
Something hits you.
* * * LOW HITPOINT WARNING * * *
You miss something. Something hits you but does no damage. Something hits you.
You closely miss something. Something hits you.
* * * LOW HITPOINT WARNING * * *
You clumsily bash something but do no damage.
You hear some strange, mumbled words.
Something tries to affect you, but you resist.
You hear some strange, mumbled words.
A magic dart appears from out of thin air!
The magic dart hits you!
You die...

, * #.# , ,,
### #.# * , ,
, +.# #.# # ,
#.####.#.# , *
*####......#.#
,,....?......#
* ***
##..##..### ,
*####.......#
*#.@{...##..#
#.##....(..#
#.....###.##
*,*####.## #.#
* #.# #.# *
#.# #.# ,,
*#.# #.# , #$#
,


There were no monsters in sight!

Vanquished Creatures
  An orc priest (D:6)
  A bullfrog skeleton (D:6)
  2 worker ants (D:4)
  An orc wizard (D:6)
  3 adders
  2 worms (D:2)
  A leopard gecko (D:2)
  5 orcs
  10 giant cockroaches
  6 hobgoblins
  2 jackals (D:3)
  6 kobolds
  2 quokkas (D:3)
  2 ball pythons
  8 bats
  3 frilled lizards
  8 goblins
  A jackal skeleton (D:3)
  9 rats
73 creatures vanquished.

Notes
Turn   | Place    | Note
-------+----------+-------------------------------------------
     0 | D:1      | Monsterracer the Deep Dwarf Earth Elementalist began the quest for the Orb.
     0 | D:1      | Reached XP level 1. HP: 15/15 MP: 3/3
   220 | D:1      | Reached XP level 2. HP: 20/22 MP: 2/4
   873 | D:1      | Reached skill level 5 in Earth Magic
  1257 | D:2      | Reached XP level 3. HP: 26/28 MP: 1/6
  1373 | D:2      | Learned a level 3 spell: Stone Arrow
  1512 | D:2      | Found a snail-covered altar of Cheibriados.
  1526 | D:2      | Found a sparkling altar of Nemelex Xobeh.
  1527 | D:2      | Found a white marble altar of Elyvilon.
  2557 | D:3      | Found a shadowy altar of Dithmenos.
  2679 | D:3      | Reached XP level 4. HP: 25/36 MP: 0/7
  3079 | D:3      | Found a shattered altar of Ashenzari.
  3260 | D:3      | Reached skill level 6 in Earth Magic
  3561 | D:4      | Reached skill level 1 in Conjurations
  3615 | D:4      | Reached XP level 5. HP: 22/42 MP: 4/9
  3680 | D:4      | You fall through a shaft for 2 floors!
  3763 | D:6      | Reached skill level 7 in Earth Magic
  3808 | D:6      | Killed from afar by an orc wizard

Skill      XL: |  1  2  3  4  5 |
---------------+----------------+-----
Spellcasting   | 2 3 |  3.2
Earth Magic    | 5 6 7 |  7.2
Conjurations   | 1 |  1.0
Dodging        | |  2.1
Stealth        | |  2.4
Transmutations | |  0.8

Action                   |  1- 3 |  4- 6 || total
-------------------------+-------+-------++-------
Melee: Unarmed           |    35 |     6 ||    41
 Cast: Sandblast         |    82 |    62 ||   144
       Stone Arrow       |     1 |       ||     1
Evoke: Wand              |       |     2 ||     2
 Stab: Sleeping          |       |     1 ||     1
  Eat: Chunk             |     7 |     2 ||     9
Armor: Robe              |    13 |    28 ||    41
Dodge: Dodged            |    40 |    55 ||    95
